 Dungeon Sprint DCSS version 0.21-a0-265-gb353147 (webtiles) character file.

4539 terra52 the Carver (level 10, -13/92 HPs)
             Began as a Formicid Fighter on Sept 11, 2017.
             Was an Initiate of Qazlal.
             Mangled by a deep troll (18 damage)
             ... in the Dungeon (Sprint I: "Red Sonja").
             The game lasted 00:04:57 (815 turns).

terra52 the Carver (Formicid Fighter)                Turns: 815, Time: 00:04:58

Health: -13/92     AC:  8    Str: 22    XL:     10   Next: 66%
Magic:  17/17      EV: 11    Int:  8    God:    Qazlal [......]
Gold:   558        SH: 12    Dex: 12    Spells: 9/9 levels left

rFire    . . .     SeeInvis +   a - +0 long sword
rCold    . . .     Gourm    .   c - +0 shield
rNeg     . . .     Faith    .   b - +0 scale mail
rPois    .         Spirit   .   (helmet unavailable)
rElec    .         Reflect  .   (no cloak)
rCorr    .         Harm     .   (no gloves)
MR       +....                  (no boots)
Stlth    ..........             (no amulet)
HPRegen  0.25/turn              (no ring)
MPRegen  0.15/turn              (no ring)

@: no status effects
A: permanent stasis, dig shafts and tunnels, four strong arms, antennae 3
a: Dig, Renounce Religion


You were in the Dungeon.
You worshipped Qazlal.
Qazlal was noncommittal.
You were not hungry.

You visited 1 branch You collected 574 gold pieces.
You donated 16 gold pieces to Zin.

Inventory:

Hand Weapons
 a - a +0 long sword (weapon)
 o - a +4 blowgun
Missiles
 p - 9 curare-tipped needles
Armour
 b - a +0 scale mail (worn)
 c - a +0 shield (worn)
Wands
 n - a wand of flame (9/48)
Scrolls
 k - a scroll of blinking
Potions
 d - a potion of might
 e - 4 potions of curing
 g - a potion of heal wounds
 h - a potion of haste
 i - 2 potions of magic
 j - a potion of berserk rage
 l - a potion of flight {unknown}
Comestibles
 f - a bread ration


   Skills:
 * Level 13.2 Fighting
 + Level 14.8 Long Blades
 + Level 9.9 Armour
 + Level 2.0 Dodging
 - Level 9.6 Shields
 * Level 9.4 Invocations
 + Level 4.1 Evocations


You had 9 spell levels left.
You didn't know any spells.

Dungeon Overview and Level Annotations

Branches:
Dungeon (1/1)

Altars:
Cheibriados
Dithmenos
Elyvilon
Fedhas
Gozag
Hepliaklqana
Kikubaaqudgha
Makhleb
Nemelex Xobeh
Okawaru
Qazlal
Ru
Sif Muna
Trog
Uskayaw
Vehumet
Wu Jian
Xom
Yredelemnul
Zin
The Shining One
Jiyva
Lugonu

Shops:
D [:


Innate Abilities, Weirdness & Mutations

You cannot be hasted, slowed, berserked, paralysed or teleported.
You can dig through walls and to a lower floor.
Your four strong arms can wield two-handed weapons with a shield.
You have a pair of large antennae on your head. (SInv)


Message History

The deep troll bites you!
* * * LOW HITPOINT WARNING * * *
The deep troll barely misses you. You block the deep troll's attack.
You hit the deep troll.
The deep troll is almost dead.
You hit the deep troll but do no damage.
The deep troll is almost dead.
You block the deep troll's attack.
The deep troll claws you but does no damage.
The deep troll claws you!
* * * LOW HITPOINT WARNING * * *
You barely miss the deep troll.
The deep troll is almost dead.
You block the deep troll's attack. The deep troll claws you.
* * * LOW HITPOINT WARNING * * *
You block the deep troll's attack.
You hit the deep troll but do no damage.
The deep troll is almost dead.
The deep troll bites you!!
You die...

#..#####+#####'#__#
#..#### #...#.####
#..#__####..##.# {
#..#_____##'#_.+
#⌠⌠#_.∩...'..._# {
####_..__##_.#'#
#_____###'#.#
############.####+###
#∩^.......'..@T$$.$$+
###''''####...#######
#.......####.###
#........#.#'#.#{{
#..#.....#.....#
#........#.[...#{{{{
#.....#..#######{{{
#........#


{{{{ #..#.....# {{{ You could see a deep troll.

Vanquished Creatures
  Sonja (D)
  8 shining eyes (D)
  A slime creature (D)
  Sigmund (D)
  A yak (D)
  4 floating eyes (D)
  An ogre (D)
  A jelly (D)
  Ijyb (D)
  2 ballistomycetes (D)
21 creatures vanquished.

Vanquished Creatures (others)
  A gargoyle (D)
  2 ballistomycete spores (D)
3 creatures vanquished.

Grand Total: 24 creatures vanquished

Notes
Turn   | Place    | Note
-------+----------+-------------------------------------------
     0 | D        | terra52 the Formicid Fighter began the quest for the Orb.
     0 | D        | Reached XP level 1. HP: 18/18 MP: 1/1
     2 | D        | Noticed Ijyb
    29 | D        | Killed Ijyb
    29 | D        | Reached skill level 3 in Long Blades
    29 | D        | Reached skill level 5 in Shields
    29 | D        | Reached XP level 2. HP: 17/26 MP: 2/2
    29 | D        | Reached XP level 3. HP: 21/32 MP: 3/3
   131 | D        | Noticed an ogre
   139 | D        | Killed an ogre
   139 | D        | Reached skill level 5 in Long Blades
   139 | D        | Reached skill level 5 in Armour
   139 | D        | Reached XP level 4. HP: 35/41 MP: 4/4
   139 | D        | Reached XP level 5. HP: 41/47 MP: 5/5
   179 | D        | Noticed Sigmund
   205 | D        | Killed Sigmund
   205 | D        | Reached skill level 7 in Long Blades
   205 | D        | Reached XP level 6. HP: 36/57 MP: 6/6
   265 | D        | Killed a gargoyle
   315 | D        | Found an ornate altar of the Wu Jian Council.
   315 | D        | Found a deep blue altar of Sif Muna.
   317 | D        | Found a radiant altar of Vehumet.
   336 | D        | Found Fakyph's Book Emporium.
   336 | D        | Found an ancient bone altar of Kikubaaqudgha.
   336 | D        | Found a hazy altar of Hepliaklqana.
   336 | D        | Found a stormy altar of Qazlal.
   336 | D        | Found a hide-covered altar of Uskayaw.
   336 | D        | Found a blossoming altar of Fedhas.
   336 | D        | Found a bloodstained altar of Trog.
   336 | D        | Found an iron altar of Okawaru.
   336 | D        | Found a basalt altar of Yredelemnul.
   336 | D        | Found a glowing golden altar of the Shining One.
   336 | D        | Found a snail-covered altar of Cheibriados.
   336 | D        | Found a sacrificial altar of Ru.
   336 | D        | Found a glowing silver altar of Zin.
   336 | D        | Found a shadowy altar of Dithmenos.
   336 | D        | Found a white marble altar of Elyvilon.
   336 | D        | Noticed a yak
   341 | D        | Killed a yak
   341 | D        | Reached skill level 8 in Long Blades
   341 | D        | Reached XP level 7. HP: 43/65 MP: 7/7
   342 | D        | Found an opulent altar of Gozag.
   345 | D        | Found a sparkling altar of Nemelex Xobeh.
   352 | D        | Became a worshipper of Zin the Law-Giver
   352 | D        | Reached * piety under Zin
   352 | D        | Reached ** piety under Zin
   352 | D        | Reached *** piety under Zin
   352 | D        | Reached **** piety under Zin
   352 | D        | Reached ***** piety under Zin
   362 | D        | Reached ****** piety under Zin
   451 | D        | Noticed Sonja
   469 | D        | Killed Sonja
   469 | D        | Reached skill level 10 in Fighting
   469 | D        | Reached skill level 10 in Long Blades
   469 | D        | Reached skill level 1 in Evocations
   469 | D        | Reached XP level 8. HP: 61/74 MP: 6/10
   484 | D        | Found Etruot's Antique Armour Boutique.
   488 | D        | Noticed a shining eye
   488 | D        | Noticed a shining eye
   488 | D        | Noticed a shining eye
   488 | D        | Noticed a shining eye
   488 | D        | Noticed a shining eye
   488 | D        | Noticed a shining eye
   499 | D        | Reached skill level 11 in Long Blades
   509 | D        | Killed a shining eye
   509 | D        | Reached skill level 5 in Invocations
   509 | D        | Reached XP level 9. HP: 76/81 MP: 9/13
   520 | D        | Killed a shining eye
   520 | D        | Reached skill level 12 in Long Blades
   520 | D        | Reached skill level 1 in Dodging
   536 | D        | Killed a shining eye
   536 | D        | Reached skill level 13 in Long Blades
   542 | D        | Killed a shining eye
   542 | D        | Reached XP level 10. HP: 89/89 MP: 12/15
   553 | D        | Killed a shining eye
   570 | D        | Killed a shining eye
   570 | D        | Reached skill level 14 in Long Blades
   574 | D        | Noticed a shining eye
   574 | D        | Noticed a shining eye
   594 | D        | Killed a shining eye
   601 | D        | Killed a shining eye
   653 | D        | Fell from the grace of Zin
   653 | D        | Became a worshipper of Qazlal Stormbringer
   733 | D        | Found a burning altar of Makhleb.
   733 | D        | Found a viscous altar of Jiyva.
   733 | D        | Found a shimmering altar of Xom.
   733 | D        | Found a corrupted altar of Lugonu.
   798 | D        | Noticed a deep troll
   815 | D        | Mangled by a deep troll

Vault maps used:
D:        dungeon_sprint_1

Skill      XL: |  1  2  3  4  5  6  7  8  9 10 |
---------------+-------------------------------+-----
Fighting       | 4 6 8 9 10 11 12 13 | 13.2
Long Blades    | 3 5 7 8 10 11 13 14 | 14.8
Armour         | 4 5 6 7 8 9 |  9.9
Shields        | 5 7 8 9 |  9.6
Invocations    | 3 5 7 9 |  9.4
Evocations     | 1 2 3 4 |  4.1
Dodging        | 1 2 |  2.0

Action                   |  1- 3 |  4- 6 |  7- 9 | 10-12 || total
-------------------------+-------+-------+-------+-------++-------
Melee: Long sword        |    34 |    27 |    56 |    84 ||   201
Invok: Vitalisation      |       |       |     2 |       ||     2
Evoke: Wand              |       |       |     6 |     2 ||     8
Armor: Scale mail        |    12 |     4 |    11 |     3 ||    30
Dodge: Dodged            |     9 |     6 |     5 |     7 ||    27
Block: Shield            |    11 |    10 |    21 |    17 ||    59
       Rpst.: Long sword |     4 |     2 |       |       ||     6

Table legend:
 A = Spawn XP
 B = Non-spawn XP
 C = Spawn XP percentage of total XP
 D = Spawn monster count
 E = Non-spawn monster count
 F = Spawn count percentage of total count
 G = Total turns spent on level
                    A         B        C        D         E        F      G
               +---------+---------+-------+---------+---------+-------+---------
         Total |       0 |    6485 |   0.0 |       0 |      19 |   0.0 |   815
               +---------+---------+-------+---------+---------+-------+---------
             D |       0 |    6485 |   0.0 |       0 |      19 |   0.0 |   815
               +---------+---------+-------+---------+---------+-------+---------
